 Dungeon Crawl Stone Soup version 0.30.0-21-gd299b56b3f (webtiles) character file.

Game seed: 9679789637175335174

280 qw the Chopper (level 6, -1/38 HPs)
             Began as a Gargoyle Fighter on June 2, 2023.
             Slain by a cerulean imp
             ... wielding a +1 spear
             ... summoned by Natasha
              (5 damage)
             ... on level 4 of the Dungeon.
             The game lasted 00:01:44 (3236 turns).

qw the Chopper (Gargoyle Fighter)                   Turns: 3236, Time: 00:01:45

Health: -1/38      AC: 15    Str: 21    XL:     6   Next: 27%
Magic:  6/6        EV:  7    Int:  9    God:
Gold:   173        SH:  4    Dex:  9    Spells: 5/5 levels left

rFire   . . .        Y - +0 war axe
rCold   . . .        c - +0 buckler
rNeg    + . .        g - +0 chain mail
rPois   inf          f - +0 helmet
rElec   +            (no cloak)
rCorr   .            (no gloves)
SInv    .            n - +0 pair of boots
Will    .....        (no amulet) Stlth
                     (no ring)
HPRegen 0.26/turn    (no ring)
MPRegen 0.10/turn

%: no passive effects
@: no status effects
A: sickness immunity, AC +4, negative energy resistance 1, electricity
resistance, torment resistance 1, petrification resistance
a: no special abilities


You were on level 4 of the Dungeon.
You visited 1 branch of the dungeon, and saw 4 of its levels.

You collected 173 gold pieces.


Innate Abilities, Weirdness & Mutations

You are immune to sickness and miasma.
Your stone body is resilient. (AC +4)
You are immune to poison.
You resist negative energy. (rN+)
You are resistant to electric shocks. (rElec)
You are resistant to unholy torment.
You are immune to petrification.


   Skills:
 - Level 4.2 Fighting
 + Level 5.2 Axes
 - Level 1.0 Throwing
 - Level 3.2 Armour
 - Level 3.2 Shields


You had 5 spell levels left.
You didn't know any spells.
Your spell library was empty.

Inventory:

Hand Weapons
 r - a +0 flail
 Y - a +0 war axe (weapon)
Missiles
 p - 2 javelins (quivered)
Armour
 c - a +0 buckler (worn)
 f - a +0 helmet (worn)
 g - a +0 chain mail (worn)
 m - a +0 plate armour
 n - a +0 pair of boots (worn)
Jewellery
 s - a +5 ring of evasion
Scrolls
 q - 2 scrolls of identify
Potions
 a - a potion of lignification
 b - a potion of invisibility {unknown}
 d - 2 potions of might
 e - a potion of flight {unknown}
 h - 3 potions of curing
 i - 2 potions of heal wounds {unknown}
 j - a potion of brilliance {unknown}
 k - 2 potions of degeneration {unknown}
 l - a potion of attraction
 o - a potion of ambrosia {unknown}

Dungeon Overview and Level Annotations

Branches:
Dungeon (4/15)
 Temple: D:4-7

Altars:
Cheibriados
Makhleb
Zin

Annotations:
D:4 Natasha


Message History

You block Natasha's attack. The cerulean imp closely misses you.
Natasha casts a spell at you. The magic dart hits you.
You closely miss Natasha.
The cerulean imp hits you from afar with a +1 spear.
Natasha stares at you and mumbles some strange words.
The magic dart hits you but does no damage.
You block the cerulean imp's attack.
You hit Natasha but do no damage. Natasha claws you.
The cerulean imp hits you but does no damage.
You hit Natasha.
Natasha is lightly wounded.
Natasha claws you!
The cerulean imp hits you but does no damage.
You hit Natasha but do no damage.
Natasha is lightly wounded.
Natasha howls an incantation.
You feel troubled.
Natasha mumbles some strange words.
The cerulean imp hits you but does no damage.
Natasha claws you!
You barely miss Natasha.
Natasha is lightly wounded.
The cerulean imp hits you but does no damage.
Natasha claws you but does no damage. The cerulean imp barely misses you.
You barely miss Natasha.
Natasha is lightly wounded.
The cerulean imp hits you but does no damage.
Natasha barely misses you.
The cerulean imp hits you but does no damage.
You barely miss Natasha.
Natasha is lightly wounded.
The cerulean imp hits you from afar with a +0 spear.
Natasha claws you. You block the cerulean imp's attack. x2
Natasha closely misses you.
You hit Natasha.
Natasha is lightly wounded.
The cerulean imp hits you from afar with a +1 spear.
You die...

##.##.# #....#..............#.#
...##.######.###.##.#.##.#.####.#
##.##.................##.#.# #.#
#.##.######.###.##.#.##.#.####.#
#.##.# #.###.##.#.##.#.......
##.##.# #...............####.#
#..##.######.###5##.#.(..........
#................h5.............#
#..##.#.####.###@##.#.####.######
#..##.#..........##.### #.#
#..##.######.######.# #.#
#............# #.# #.#
#..##.######.# #.# #.# #..##.#
#.# #.# #.# #..##.# #.# #.# #.#
####### ### ### ###


You could see Natasha (strong) and 2 cerulean imps.

Vanquished Creatures
  A hound (D:4)
  Natasha (twice) (D:4)
  An iguana (D:4)
  8 adders
  A gnoll (D:1)
  3 worms (D:2)
  2 dart slugs
  7 orcs
  5 ball pythons
  9 endoplasms
  2 giant cockroaches
  4 goblins
  4 hobgoblins (D:1)
  4 jackals (D:3)
  2 quokkas
  6 bats
  2 frilled lizards
  6 kobolds
  8 rats
77 creatures vanquished.

Notes
Turn   | Place    | Note
-------+----------+-------------------------------------------
     0 | D:1      | qw the Gargoyle Fighter began the quest for the Orb.
     0 | D:1      | Reached XP level 1. HP: 14/14 MP: 1/1
     0 | D:1      | 0 ||| qw: Version: 0.2-a-102-gdf20003
     0 | D:1      | 0 ||| qw: Game counter: 882
     0 | D:1      | 0 ||| qw: Always use a shield: true
     0 | D:1      | 0 ||| qw: God list: Okawaru
     0 | D:1      | 0 ||| qw: Allow faded altars: false
     0 | D:1      | 0 ||| qw: Do Orc after D:15 true
     0 | D:1      | 0 ||| qw: Do second Lair branch before Depths: true
     0 | D:1      | 0 ||| qw: Lair rune preference: random
     0 | D:1      | 0 ||| qw: Plans: Normal, Zot:1-4, Slime:5, God:TSO, Crypt,
                  | Tomb, Pan, Hells, Abyss, Win
     0 | D:1      | 0 ||| PLANNING D:1-11
   172 | D:1      | Reached skill level 2 in Axes
   250 | D:1      | Reached XP level 2. HP: 16/19 MP: 2/2
   260 | D:1      | 260 ||| UPGRADING to +0 helmet.
   284 | D:1      | 284 ||| UPGRADING to +0 chain mail.
   294 | D:1      | 294 ||| DROPPING +0 scale mail.
   342 | D:1      | 342 ||| DRINKING 3 clear potions.
   520 | D:1      | Reached skill level 3 in Axes
   520 | D:1      | Reached XP level 3. HP: 23/23 MP: 3/3
   648 | D:1      | 648 ||| READING scroll labelled SEKAYL QIPH.
   704 | D:2      | 704 ||| Stepping ~*~*~tactically~*~*~ (stealth).
   733 | D:2      | 733 ||| Stepping ~*~*~tactically~*~*~ (stealth).
   734 | D:2      | 734 ||| Stepping ~*~*~tactically~*~*~ (stealth).
   735 | D:2      | 735 ||| Stepping ~*~*~tactically~*~*~ (stealth).
   736 | D:2      | 736 ||| Stepping ~*~*~tactically~*~*~ (stealth).
   737 | D:2      | 737 ||| Stepping ~*~*~tactically~*~*~ (stealth).
  1074 | D:2      | Found a snail-covered altar of Cheibriados.
  1108 | D:2      | 1108 ||| Stepping ~*~*~tactically~*~*~ (hiding).
  1111 | D:2      | 1111 ||| Stepping ~*~*~tactically~*~*~ (hiding).
  1247 | D:2      | Reached skill level 1 in Throwing
  1247 | D:2      | Reached XP level 4. HP: 28/28 MP: 4/4
  1378 | D:2      | Found a faded altar of an unknown god.
  1380 | D:2      | 1380 ||| Stepping ~*~*~tactically~*~*~ (stealth).
  1392 | D:2      | Reached skill level 4 in Axes
  1444 | D:2      | Reached XP level 5. HP: 32/32 MP: 5/5
  1555 | D:2      | 1555 ||| DROPPING +0 club.
  1556 | D:2      | 1556 ||| READING scroll labelled LEVVOU FIFEA.
  1557 | D:2      | 1557 ||| READING scroll labelled EFIAWKA HONN.
  1562 | D:2      | 1562 ||| READING scroll labelled BIZEMOILOP.
  1563 | D:2      | 1563 ||| READING 2 scrolls labelled VAEL RIGOLOKA.
  1564 | D:2      | 1564 ||| DRINKING 2 murky pink potions.
  1601 | D:2      | 1601 ||| DRINKING 2 murky grey potions.
  1773 | D:3      | 1773 ||| DROPPING +0 heavy hand axe.
  1792 | D:3      | 1792 ||| Stepping ~*~*~tactically~*~*~ (hiding).
  1794 | D:3      | 1794 ||| Stepping ~*~*~tactically~*~*~ (hiding).
  2088 | D:3      | 2088 ||| Stepping ~*~*~tactically~*~*~ (stealth).
  2160 | D:3      | 2160 ||| UPGRADING to +0 pair of boots.
  2165 | D:3      | 2165 ||| READING scroll labelled COWKEAQOUT.
  2166 | D:3      | 2166 ||| READING scroll labelled SIUZ LO KYNUSK.
  2167 | D:3      | 2167 ||| DRINKING 2 fizzy white potions.
  2168 | D:3      | 2168 ||| DRINKING 2 green potions.
  2272 | D:3      | 2272 ||| DROPPING potion of magic.
  2273 | D:3      | 2273 ||| DROPPING potion of berserk rage.
  2283 | D:4      | 2283 ||| Stepping ~*~*~tactically~*~*~ (hiding).
  2643 | D:4      | Reached skill level 5 in Axes
  2745 | D:4      | Noticed Natasha
  2761 | D:4      | Killed Natasha
  2900 | D:4      | Reached XP level 6. HP: 38/38 MP: 6/6
  2911 | D:4      | Found a burning altar of Makhleb.
  2913 | D:4      | Found a glowing silver altar of Zin.
  2913 | D:4      | Noticed an angel
  2914 | D:4      | Noticed a balrug
  3030 | D:4      | Noticed Natasha
  3032 | D:4      | 3032 ||| Stepping ~*~*~tactically~*~*~ (hiding).
  3038 | D:4      | Killed Natasha
  3223 | D:4      | Noticed Natasha
  3224 | D:4      | 3224 ||| Stepping ~*~*~tactically~*~*~ (stealth).
  3235 | D:4      | HP: 4/38 [Natasha (6)]
  3236 | D:4      | Slain by a cerulean imp

Levels and vault maps discovered:
D:1:      matt_arrival_spirals, layout_rooms, nicolae_kite_square_tiling_tiny,
          minmay_tree_intersection, nicolae_grassy_gnolls
D:2:      layout_loops_ring, nicolae_ecumenical_snake_handling, basic_altar
D:3:      layout_rooms
D:4:      layout_basic, grunt_temple_overflow_order_and_chaos_2, uniq_natasha

Skill      XL: |  1  2  3  4  5  6 |
---------------+-------------------+-----
Axes           | 2 3 4 5 |  5.2
Throwing       | 1 |  1.0
Fighting       | 4 |  4.2
Armour         | |  3.2
Shields        | |  3.2

Action                     |  1- 3 |  4- 6 || total
---------------------------+-------+-------++-------
  Melee: War axe           |    79 |   128 ||   207
  Throw: Javelin           |     4 |    24 ||    28
    Use: Potion            |     1 |     4 ||     5
         Scroll            |     1 |     6 ||     7
 Armour: Scale mail        |     6 |       ||     6
         Chain mail        |    26 |   105 ||   131
  Dodge: Dodged            |    23 |    50 ||    73
  Block: Buckler           |    15 |    25 ||    40

Table legend:
 A = Non-vault XP
 B = Vault XP
 C = Vault XP percentage of total XP
 D = Non-vault monster count
 E = Vault monster count
 F = Vault count percentage of total count
                 A         B        C        D         E       F
            +---------+---------+-------+---------+---------+-------
      Total |     309 |      92 |  22.9 |      71 |       6 |   7.8
            +---------+---------+-------+---------+---------+-------
        D:1 |      24 |      14 |  36.8 |      14 |       1 |   6.7
        D:2 |      86 |      42 |  32.8 |      23 |       4 |  14.8
        D:3 |      29 |       0 |   0.0 |      17 |       0 |   0.0
        D:4 |     170 |      36 |  17.5 |      17 |       1 |   5.6
            +---------+---------+-------+---------+---------+-------
